 Dungeon Crawl Stone Soup version 0.29.1-15-g9cfb28693d (webtiles) character file.

Game seed: 7204758959636941000

65 KyoPewz the Firebug (level 3, -2/19 HPs)
             Began as a Deep Elf Fire Elementalist on Mar 1, 2023.
             Slain by Crazy Yiuf
             ... wielding a +4 quarterstaff of chaos
              (3 damage)
             ... on level 2 of the Dungeon.
             The game lasted 00:04:22 (1942 turns).

KyoPewz the Firebug (Deep Elf Fire Elementalist)    Turns: 1942, Time: 00:04:23

Health: -2/19      AC:  4    Str:  5    XL:     3   Next: 94%
Magic:  8/10       EV: 12    Int: 21    God:
Gold:   63         SH:  0    Dex: 15    Spells: 3/9 levels left

rFire   . . .      SeeInvis .   f - +0 dagger
rCold   . . .      Faith    .   (no shield)
rNeg    . . .      Spirit   .   j - +2 robe of Gravitas {Will+}
rPois   .          Reflect  .   (no helmet)
rElec   .          Harm     .   (no cloak)
rCorr   .          Rampage  .   (no gloves)
Will    +....                   (no boots)
Stlth   ++........              (no amulet)
HPRegen 0.06/turn               (no ring)
MPRegen 0.12/turn               (no ring)

@: no status effects
A: no striking features
a: no special abilities


You were on level 2 of the Dungeon.
You visited 1 branch of the dungeon, and saw 2 of its levels.

You collected 63 gold pieces.

Inventory:

Hand Weapons
 f - a +0 dagger (weapon)
Armour
 a - a +0 robe
 d - a +0 leather armour
 j - the +2 robe of Gravitas (worn) {Will+}
   (You found it on level 2 of the Dungeon)

   Will:      It increases your willpower.
 k - an orb of energy
 l - a +1 helmet
Scrolls
 i - 2 scrolls of identify {unknown}
 n - a scroll of immolation {unknown}
Potions
 b - a potion of magic
 c - a potion of brilliance {unknown}
 e - 3 potions of might {unknown}
 g - a potion of invisibility {unknown}
 h - 2 potions of degeneration {unknown}
 m - a potion of haste {unknown}


   Skills:
 - Level 2.4 Dodging
 - Level 2.4 Stealth
 + Level 3.6 Spellcasting
 * Level 2.7 Conjurations
 * Level 4.3 Fire Magic


You had 3 spell levels left.
You knew the following spells:

 Your Spells              Type           Power      Damage    Failure   Level
a - Foxfire               Conj/Fire      72%        2x1d7     3%          1
b - Scorch                Fire           42%        2d7       3%          2
c - Conjure Flame         Conj/Fire      18%        6-21      9%          3

Your spell library contained the following spells:

 Spells                   Type           Power      Damage    Failure   Level
 Inner Flame              Hex/Fire       12%        N/A       16%         3
 Flame Wave               Conj/Fire      18%        2d7       28%         4


Dungeon Overview and Level Annotations

Branches:
Dungeon (2/15)

Altars:

Shops:
D:2 (

Annotations:
D:2 Crazy Yiuf


Message History

You see here 3 stones.
There is a stone staircase leading up here.
Things that are here:
a +0 animal skin; a +0 club You see here a +0 dagger.
You see here a +0 hammer.
You see here a +1 hammer of venom.
You see here a +0 hammer.
You see here a +0 hammer.
You see here a +0 hammer.
Press: ? - help, v - describe, . - travel
Here: Crazy Yiuf, wielding a +4 quarterstaff of chaos and wearing a +0 cloak (asleep, fire blocked by a runed translucent door)
The floor.
Unknown command.
Unknown command.
You see here a +0 hammer.
Crazy Yiuf shouts!
You see here a +0 hammer.
You see here a +1 hammer of venom.
You see here a +0 hammer.
This spell is extremely dangerous to cast!
Memorise Conjure Flame, consuming 3 spell levels and leaving 3?
You start memorising the spell.
You continue memorising. x3
You finish memorising.
Spell assigned to 'c'.
You see here a +0 hammer.
You see here a +1 hammer of venom.
You see here a +0 hammer.
You see here a +0 hammer.
You see here a +0 hammer.
You open the door.
Casting: Foxfire (safe; 3% risk of failure)
Confirm with . or Enter, or press ? or * to list all spells.
Flames lash Crazy Yiuf.
Crazy Yiuf is moderately wounded.
Crazy Yiuf's fire resistance burns away.
Crazy Yiuf hits you with a +4 quarterstaff of chaos!!
Ouch! That really hurt!
* * * LOW HITPOINT WARNING * * *
Crazy Yiuf freezes you.
You die...

≈≈~≈P~♣~..##
#..<####.##..##
≈≈≈≈≈~♣♣~..#
####....#....##
≈≈≈≈P~~♣~### #.###.##.###
≈≈≈≈≈≈~~~# ##### #.# #.##.#
# ≈≈≈≈≈≈~♣~# #).)#
#.###<##.# # ≈≈≈≈≈~~♣~#
#)))# #.#......###
≈≈≈≈≈≈~~♣# ))) #.#.#.......
≈≈≈≈≈~~~~# #g# #.#.####.###
≈≈≈≈≈~~♣P# ##@# #.#.# #.###
≈≈≈≈≈~~~♣# #)##
#...####.##. ≈≈≈~P~P♣.#
##)# #...........
≈≈≈~~♣♣P.# #)##
###......### ~~~~~~♣~.#
##)## #.###### ~P~~~~♣~.#
#)..## ###.## ~~P~~♣♣#.###
#....# #....# ~P~~PP♣.#..#
#....# ###..#
~~~♣P~♣#.#####....######.)#


You could see Crazy Yiuf (combustible).

Vanquished Creatures
  Robin (D:2)
  An adder (D:2)
  A worm (D:2)
  A dart slug (D:2)
  3 ball pythons
  2 endoplasms
  A giant cockroach (D:2)
  10 goblins
  3 hobgoblins (D:2)
  2 kobolds
  2 quokkas (D:1)
  3 bats
  3 frilled lizards (D:1)
  4 rats
37 creatures vanquished.

Vanquished Creatures (collateral kills)
  4 foxfires (D:2)
4 creatures vanquished.

Vanquished Creatures (others)
  90 foxfires
  8 plants (D:2)
98 creatures vanquished.

Grand Total: 139 creatures vanquished

Notes
Turn   | Place    | Note
-------+----------+-------------------------------------------
     0 | D:1      | KyoPewz the Deep Elf Fire Elementalist began the quest for
                  | the Orb.
     0 | D:1      | Reached XP level 1. HP: 10/10 MP: 6/6
   288 | D:1      | Reached XP level 2. HP: 15/15 MP: 5/8
   291 | D:1      | Learned a level 2 spell: Scorch
   461 | D:1      | Found a faded altar of an unknown god.
   603 | D:2      | Identified the +2 robe of Gravitas {Will+}
   984 | D:2      | Reached XP level 3. HP: 17/19 MP: 7/9
  1060 | D:2      | Found Izojy's Weapon Shoppe.
  1066 | D:2      | Reached skill level 4 in Fire Magic
  1217 | D:2      | Noticed Robin
  1228 | D:2      | Killed Robin
  1496 | D:2      | Found a runed translucent door.
  1497 | D:2      | Noticed Crazy Yiuf
  1936 | D:2      | Learned a level 3 spell: Conjure Flame
  1942 | D:2      | Slain by Crazy Yiuf

Illustrated notes

Levels and vault maps discovered:
D:1:      lightli_molten_gateway, layout_rooms,
          hellmonk_ecumenical_altar_crossroads
D:2:      layout_loops_ring, serial_shops, nicolae_shop_bloodbath_and_beyond,
          chequers_serial_rivers_micro_d, serial_bayou_lake_a,
          uniq_crazy_yiuf_cottage, uniq_robin

Skill      XL: |  1  2  3 |
---------------+----------+-----
Conjurations   | 2 |  2.7
Fire Magic     | 4 |  4.3
Dodging        | |  2.4
Stealth        | |  2.4
Spellcasting   | |  3.6

Action                   || total
-------------------------++-------
Melee: Unarmed           ||     4
       Dagger            ||    21
 Cast: Foxfire           ||    52
       Scorch            ||     1
 Stab: Sleeping          ||     2
Armor: Robe              ||     8
Dodge: Dodged            ||    18
